 Dungeon Crawl Stone Soup version 0.29.1-15-g9cfb28693d (webtiles) character file.

Game seed: 11675199603240603121

141 protoss039 the Digger (level 5, -1/38 HPs)
             Began as a Demonspawn Earth Elementalist on Mar 12, 2023.
             Slain by an orc
             ... wielding a +0 mace
              (3 damage)
             ... on level 4 of the Dungeon.
             The game lasted 00:03:33 (2991 turns).

protoss039 the Digger (DsEE)                        Turns: 2991, Time: 00:03:34

Health: -1/38      AC:  3    Str:  9    XL:     5   Next: 3%
Magic:  1/9        EV: 11    Int: 18    God:
Gold:   177        SH:  4    Dex: 13    Spells: 3/9 levels left

rFire   . . .      SeeInvis .   j - +0 dagger (vamp)
rCold   . . .      Faith    .   (no shield)
rNeg    . . .      Spirit   .   i - +0 leather armour
rPois   .          Reflect  .   (no helmet)
rElec   .          Harm     .   (no cloak)
rCorr   .          Rampage  .   (no gloves)
Will    .....                   (no boots)
Stlth   ++........              (no amulet)
HPRegen 0.12/turn               h - +4 ring of slaying
MPRegen 0.11/turn               (no ring)

@: mighty
A: condensation shield, demonic touch 2
a: no special abilities


You were on level 4 of the Dungeon.
You visited 1 branch of the dungeon, and saw 4 of its levels.

You collected 177 gold pieces.

Inventory:

Hand Weapons
 j - a +0 vampiric dagger (weapon)
Armour
 i - a +0 leather armour (worn)
Jewellery
 h - a +4 ring of slaying (left hand)
Scrolls
 a - 2 scrolls of identify {unknown}
 g - a scroll of fear {unknown}
 k - a scroll of butterflies {unknown}
 n - 2 scrolls of teleportation {unknown}
 o - a scroll of noise {unknown}
 r - a scroll of enchant weapon {unknown}
 s - a scroll of amnesia {unknown}
Potions
 b - a potion of magic
 c - a potion of lignification {unknown}
 d - a potion of attraction {unknown}
 e - a potion of cancellation {unknown}
 f - 2 potions of mutation {unknown}
 l - 3 potions of might
 m - a potion of heal wounds {unknown}
 p - a potion of curing {unknown}
 q - a potion of flight {unknown}


   Skills:
 + Level 2.1 Fighting
 + Level 1.8 Armour
 - Level 1.7 Dodging
 - Level 1.7 Stealth
 + Level 2.9 Spellcasting
 - Level 0.8 Transmutations
 + Level 3.5 Earth Magic


You had 3 spell levels left.
You knew the following spells:

 Your Spells              Type           Power      Damage    Failure   Level
a - Sandblast             Erth           30%        2d9       5%          1
b - Passwall              Tmut/Erth      8%         N/A       14%         2
c - Stone Arrow           Conj/Erth      16%        3d8       32%         3

Your spell library contained the following spells:

 Spells                   Type           Power      Damage    Failure   Level
 Wereblood                Tmut           5%         N/A       24%         2
 Poisonous Vapours        Pois/Air       4%         N/A       34%         2
 Sublimation of Blood     Necr           2%         N/A       34%         2
 Gell's Gravitas          Tloc           2%         N/A       56%         3
 Lesser Beckoning         Tloc           2%         N/A       56%         3
 Teleport Other           Tloc           2%         N/A       56%         3
 Petrify                  Tmut/Erth      10%        N/A       65%         4
 Corpse Rot               Necr/Pois/Air  2%         N/A       92%         4
 Summon Hydra             Summ           1%         N/A       100%        7


Dungeon Overview and Level Annotations

Branches:
Dungeon (4/15) Zot: 20986
 Temple: D:4-7

Altars:
Ashenzari

Shops:
D:1 (


Innate Abilities, Weirdness & Mutations

A meltable shield of frost defends you. (SH +4)
Your touch may inflict irresistible damage on your foes.


Message History

Unknown command.
Casting: Sandblast (safe; 5% risk of failure)
Confirm with . or Enter, or press ? or * to list all spells.
Aiming: Sandblast (safe; 5% risk of failure)
Press: ? - help, Shift-Dir - straight line, f/p - orc priest
Aim: an orc priest, wielding a +0 hand axe and wearing a +0 scale mail (84% to hit)
The blast of sand hits the orc priest.
The orc priest is lightly wounded.
You block the orc's attack.
An orc comes into view. It is wielding a +0 mace.
The orc barely misses you. The orc hits you with a +0 short sword.
Unknown command.
Casting: Sandblast (safe; 5% risk of failure)
Confirm with . or Enter, or press ? or * to list all spells.
Aiming: Sandblast (safe; 5% risk of failure)
Press: ? - help, Shift-Dir - straight line, f/p - orc priest
Aim: an orc priest, wielding a +0 hand axe and wearing a +0 scale mail (lightly wounded, 84% to hit)
The blast of sand hits the orc.
The orc is heavily wounded.
The orc hits you with a +0 mace! The orc hits you with a +0 short sword.
Casting: Sandblast (safe; 5% risk of failure)
Confirm with . or Enter, or press ? or * to list all spells.
Aiming: Sandblast (safe; 5% risk of failure)
Press: ? - help, Shift-Dir - straight line, f/p - orc priest
Aim: an orc priest, wielding a +0 hand axe and wearing a +0 scale mail (84% to hit)
The blast of sand hits the orc priest but does no damage.
The orc hits you with a +0 mace.
The orc priest hits you with a +0 hand axe.
* * * LOW HITPOINT WARNING * * *
The orc hits you with a +0 short sword.
* * * LOW HITPOINT WARNING * * *
You block the orc's attack.
The orc priest hits you with a +0 hand axe.
* * * LOW HITPOINT WARNING * * *
The orc hits you but does no damage.
Unknown command.
It was a potion of might.
You feel very mighty all of a sudden. The orc hits you with a +0 mace.
You die...

.. ... ....
#.. ##.# #
##...##
##.##@....##.
#>..ooo......
#....g.#.....
##..o#.# ....
###. ..# ...
#. .... .. ..
..... # ..
......# ..#
.......


You could see an orc priest, 3 orcs and a goblin.

Vanquished Creatures
  An orc wizard (D:4)
  4 adders
  A gnoll (D:1)
  A worm (D:2)
  2 dart slugs
  2 orcs (D:3)
  A ball python (D:2)
  9 bats
  7 endoplasms
  3 giant cockroaches
  6 goblins
  4 hobgoblins
  4 quokkas
  4 frilled lizards
  8 kobolds
  4 rats
61 creatures vanquished.

Notes
Turn   | Place    | Note
-------+----------+-------------------------------------------
     0 | D:1      | protoss039 the Demonspawn Earth Elementalist began the
                  | quest for the Orb.
     0 | D:1      | Reached XP level 1. HP: 13/13 MP: 3/3
   478 | D:1      | Found a faded altar of an unknown god.
   511 | D:1      | Discovered your monstrous ancestry.
   511 | D:1      | Gained mutation: Your touch may inflict minor irresistible
                  | damage on your foes. [demonic ancestry]
   511 | D:1      | Reached XP level 2. HP: 20/20 MP: 3/5
   524 | D:1      | Learned a level 2 spell: Passwall
   696 | D:1      | Reached skill level 1 in Fighting
   704 | D:1      | Reached skill level 3 in Earth Magic
   928 | D:1      | Reached skill level 1 in Armour
   928 | D:1      | Reached XP level 3. HP: 24/26 MP: 6/6
  1247 | D:1      | You fall into a shaft and drop 1 floor!
  1344 | D:1      | Found Ciqeph's Antique Weapon Emporium.
  1792 | D:2      | Gained mutation: Your touch may inflict irresistible damage
                  | on your foes. [demonic ancestry]
  1792 | D:2      | Reached XP level 4. HP: 32/32 MP: 5/7
  2496 | D:3      | Found a broken altar of Ashenzari.
  2977 | D:3      | Learned a level 3 spell: Stone Arrow
  2988 | D:4      | Gained mutation: A meltable shield of frost defends you.
                  | (SH +4) [demonic ancestry]
  2988 | D:4      | Reached XP level 5. HP: 29/38 MP: 3/9
  2991 | D:4      | Slain by an orc

Illustrated notes

Levels and vault maps discovered:
D:1:      moated_graveyard_arrival, layout_basic, serial_shops, shop,
          basic_ecumenical_altar, kennysheep_doodads, reono_crystal_passage
D:2:      layout_basic
D:3:      layout_loops_ring, mainiacjoe_overflow_small_starburst,
          minmay_fractal_squares_5
D:4:      layout_cave_pools, okawaru_altar_gauntlet_db,
          minmay_temple_entry_overgrown

Skill      XL: |  1  2  3  4 |
---------------+-------------+-----
Fighting       | 1 2 |  2.1
Earth Magic    | 3 |  3.5
Armour         | 1 |  1.8
Dodging        | |  1.7
Stealth        | |  1.7
Spellcasting   | |  2.9
Transmutations | |  0.8

Action                   |  1- 3 |  4- 6 || total
-------------------------+-------+-------++-------
Melee: Dagger            |    48 |    21 ||    69
       Touch             |     7 |     5 ||    12
 Cast: Sandblast         |    18 |    29 ||    47
  Use: Potion            |       |     1 ||     1
 Stab: Sleeping          |     1 |     4 ||     5
Armor: Robe              |     3 |       ||     3
       Leather armour    |    15 |    10 ||    25
Dodge: Dodged            |    32 |    24 ||    56
Block: Other             |       |     2 ||     2
